 Dungeon Crawl Stone Soup version 0.20.1-1-g8b1a95d (webtiles) character file.

59 Linguinho the Vandal (level 4, 0/29 HPs)
             Began as a Halfling Hunter on Nov 1, 2017.
             Slain by a scorpion (3 damage)
             ... on level 3 of the Dungeon.
             The game lasted 00:04:49 (2171 turns).

Linguinho the Vandal (Halfling Hunter)              Turns: 2171, Time: 00:04:50

Health: 0/29       AC:  3    Str: 13    XL:     4   Next: 22%
Magic:  4/4        EV: 14    Int:  9    God:
Gold:   52         SH:  0    Dex: 15    Spells: 3/3 levels left

rFire    . . .     SeeInvis .   b - +0 short sword
rCold    . . .     Gourm    .   (shield restricted)
rNeg     . . .     Faith    .   c - +0 leather armour
rPois    .         Spirit   .   (no helmet)
rElec    .         Reflect  .   (no cloak)
rCorr    .         Harm     .   (no gloves)
MR       .....                  (no boots)
Stlth    ++........             (no amulet)
Regen    0.1/turn               (no ring)
MPRegen  0.1/turn               (no ring)

@: lethally poisoned (0 -> -5)
A: mutation resistance 1
a: no special abilities


You were on level 3 of the Dungeon.
You were not hungry.

You visited 1 branch of the dungeon, and saw 3 of its levels.

You collected 52 gold pieces.

Inventory:

Hand Weapons
 a - a +1 hunting sling
 b - a +0 short sword (weapon)
Missiles
 d - 32 sling bullets
 e - 70 stones (quivered)
Armour
 c - a +0 leather armour (worn)
 h - a cursed -1 leather armour
 m - a +0 ring mail
Jewellery
 k - a +6 ring of dexterity {unknown}
Scrolls
 g - a scroll of magic mapping {unknown}
 j - a scroll of remove curse {unknown}
 l - a scroll of blinking {unknown}
 p - a scroll of amnesia {unknown}
 q - a scroll of fog {unknown}
Potions
 i - a potion of might {unknown}
 n - 2 potions of lignification {unknown}
 o - a potion of berserk rage {unknown}
Comestibles
 f - 2 bread rations


   Skills:
 + Level 2.2 Fighting
 + Level 1.0 Short Blades
 + Level 6.6 Slings
 + Level 1.6 Armour
 + Level 2.2 Dodging
 + Level 1.5 Stealth


You had 3 spell levels left.
You didn't know any spells.

Dungeon Overview and Level Annotations

Branches:
Dungeon (3/15)

Altars:


Innate Abilities, Weirdness & Mutations

You are small and have problems with some larger weapons.
You are somewhat resistant to further mutation.


Message History

You feel sick. The scorpion stings you!
You are too injured to fight recklessly!
You are too injured to fight recklessly!
Wield which item (- for none, * to show all)? (? for menu, Esc to quit)
b - a +0 short sword (weapon)
You hit the scorpion but do no damage.
The scorpion is severely wounded.
You feel sick.
The scorpion stings you but does no damage.
You hit the scorpion but do no damage.
The scorpion is severely wounded.
The scorpion closely misses you.
You hit the scorpion.
The scorpion is almost dead.
You feel sick. The scorpion stings you!
* * * LOW HITPOINT WARNING * * *
You hit the scorpion.
The scorpion is almost dead.
The scorpion stings you.
You die...

.... #..8.8 ..(..
#.8._. ########..8.8
#..........8.
#.##.##......
#.##.##.##.##
######.##..#.##.#
#.............#.#
#@####...#.#..#..
........s.##........##.
?......(#..##..#.#....
..........(##..#.......
##....#.# [##.......#..
#....#.. ....##.#.##
#....#.# .... ....
.......# ##.


You could see a scorpion.

Vanquished Creatures
  An adder (D:2)
  An adder skeleton (D:3)
  A worm (D:2)
  4 giant cockroaches (D:1)
  5 goblins
  11 hobgoblins
  3 bats
  3 frilled lizards (D:1)
  8 kobolds
  7 rats
44 creatures vanquished.

Notes
Turn   | Place    | Note
-------+----------+-------------------------------------------
     0 | D:1      | Linguinho the Halfling Hunter began the quest for the Orb.
     0 | D:1      | Reached XP level 1. HP: 14/14 MP: 1/1
    43 | D:1      | Reached skill level 6 in Slings
   101 | D:1      | Reached XP level 2. HP: 18/19 MP: 2/2
   481 | D:1      | Reached XP level 3. HP: 24/24 MP: 3/3
  1319 | D:2      | Reached skill level 1 in Armour
  1347 | D:2      | Reached skill level 1 in Short Blades
  1443 | D:2      | Reached XP level 4. HP: 26/29 MP: 4/4
  2133 | D:3      | Found a faded altar of an unknown god.
  2171 | D:3      | Slain by a scorpion

Skill      XL: |  1  2  3 |
---------------+----------+-----
Slings         | 6 |  6.6
Fighting       | 2 |  2.2
Armour         | 1 |  1.6
Short Blades   | 1 |  1.0
Dodging        | |  2.2
Stealth        | |  1.5

Action                   |  1- 3 |  4- 6 || total
-------------------------+-------+-------++-------
Melee: Short sword       |    33 |    29 ||    62
 Fire: Hunting sling     |    94 |    13 ||   107
 Stab: Sleeping          |     1 |       ||     1
       Distracted        |     1 |       ||     1
  Eat: Chunk             |     1 |     3 ||     4
Armor: Leather armour    |    10 |     6 ||    16
Dodge: Dodged            |    29 |    27 ||    56
